 Dungeon Crawl Stone Soup version 0.19.4-9-g45fd643 (webtiles) character file.

54482 Gorglomux the Fighter (level 14, 0/113 HPs)
             Began as a Mummy Monk on Feb 18, 2017.
             Was the Champion of Okawaru.
             Slain by an entropy weaver
             ... wielding a +0 long sword
              (4 damage)
             ... on level 6 of the Lair of Beasts.
             The game lasted 00:55:18 (27488 turns).

Gorglomux the Fighter (Mummy Monk)                 Turns: 27488, Time: 00:55:19

Health: 0/113      AC:  8    Str: 23    XL:     14   Next: 34%
Magic:  20/20      EV: 16    Int: 18    God:    Okawaru [******]
Gold:   1051       SH:  0    Dex: 21    Spells: 0 memorised, 13 levels left

rFire  x . .     SeeInvis +     a - +9 mace "Juixzoow" {drain, Str+4}
rCold  + . .     Gourm    .     X - +4 chain mail "Zonarr" {*Slow rElec Int+8 Stlth+}
rNeg   + + +     Faith    +     (no shield)
rPois  ∞         Spirit   .     V - +2 hat
rElec  +         Reflect  .     Q - +2 cloak "Fufouzee" {god gift, Str+3 SInv}
rCorr  .         Harm     .     E - +0 pair of gloves
MR     +....                    N - +1 pair of boots
Stlth  ++........               U - amulet of faith
                                B - +4 ring of dexterity
                                x - ring of stealth

@: corroded
A: no food or potions, fire vulnerability, cold resistance 1, negative energy
resistance 3, torment resistance, unbreathing, in touch with death 1
a: Heroism, Finesse, Renounce Religion


You were on level 6 of the Lair of Beasts.
You worshipped Okawaru.
Okawaru was exalted by your worship.
You were not hungry.

You visited 3 branches of the dungeon, and saw 17 of its levels.

You collected 1051 gold pieces.

Inventory:

Hand Weapons
 a - the +9 mace "Juixzoow" (weapon) {drain, Str+4}
   (You found it on level 6 of the Dungeon)

   A truly terrible weapon, it drains the life of those it strikes.
   It affects your strength (+4).
 b - a +0 shortbow
 p - a +1 great mace of crushing {god gift}
 F - a +2 dire flail of protection {god gift}
 R - a +6 great mace of protection {god gift}
Missiles
 S - 341 arrows
 Y - 7 tomahawks (quivered)
Armour
 E - a +0 pair of gloves (worn)
 G - a +0 shield of poison resistance {god gift}
 H - +0 mottled dragon scales
 J - a +2 cloak of magic resistance
 N - a +1 pair of boots (worn)
 Q - the +2 cloak "Fufouzee" (worn) {god gift, Str+3 SInv}
   (Okawaru gifted it to you on level 4 of the Lair of Beasts)

   It affects your strength (+3).
   It lets you see invisible.
 V - a +2 hat (worn)
 X - the +4 chain mail "Zonarr" (worn) {*Slow rElec Int+8 Stlth+}
   (You found it on level 10 of the Dungeon)

   It affects your intelligence (+8).
   It insulates you from electricity.
   It may slow you when you take damage.
   It makes you more stealthy.
Jewellery
 o - a +3 amulet of reflection
 s - an uncursed ring of ice
 x - a ring of stealth (left hand)
 y - an uncursed ring of stealth
 B - a +4 ring of dexterity (right hand)
 U - an amulet of faith (around neck)
Wands
 q - a wand of teleportation (3/9)
 t - a wand of lightning (5/15)
 z - a wand of hasting (2/9)
 A - a wand of acid (10/15)
 C - a wand of confusion (23/48)
 I - a wand of iceblast (8/15)
 K - a wand of acid (0/15)
 L - a wand of lightning (0/15)
 P - a wand of paralysis (11/24)
Scrolls
 c - 3 scrolls of enchant weapon
 d - 2 scrolls of fog
 i - 2 scrolls of immolation
 n - a scroll of summoning {unknown}
 r - a scroll of vulnerability {unknown}
 u - a scroll of silence {unknown}
 v - 3 scrolls of remove curse
 D - 4 scrolls of enchant armour
 M - 2 scrolls of magic mapping
 O - 4 scrolls of amnesia
 T - 4 scrolls of teleportation
Miscellaneous
 W - a sack of spiders


   Skills:
 - Level 11.1 Fighting
   Level 8.0 Long Blades
 + Level 8.5 Maces & Flails
 - Level 10.0 Armour
 + Level 10.2 Dodging
 - Level 3.0 Stealth
 - Level 8.0 Invocations
 - Level 2.1 Evocations


You had 13 spell levels left.
You didn't know any spells.

Dungeon Overview and Level Annotations

Branches:
Dungeon (10/15)            Temple (1/1) D:7            Lair (6/6) D:9
 Shoals (0/4) Lair:3       Spider (0/4) Lair:4        Slime (0/5) Lair:6
    Orc (0/2) D:9

Altars:
Ashenzari
Cheibriados
Dithmenos
Elyvilon
Fedhas
Gozag
Hepliaklqana
Kikubaaqudgha
Makhleb
Nemelex Xobeh
Okawaru
Qazlal
Ru
Sif Muna
Trog
Uskayaw
Vehumet
Xom
Yredelemnul
Zin
The Shining One

Shops:
D:4 [   D:10 :}

Annotations:
Lair:6 exclusion: 3 oklob plants


Innate Abilities, Weirdness & Mutations

You do not eat or drink.
Your flesh is vulnerable to fire.
You are immune to poison.
Your flesh is cold resistant. (rC+)
You are immune to negative energy. (rN+++)
You are immune to unholy pain and torment.
You can survive without breathing.
You are in touch with the powers of death.


Message History

Evoke which item? (* to show all) (? for menu, Esc to quit)
Zapping:
P - a wand of paralysis (will waste charges)
Press: ? - help, Shift-Dir - straight line, f/p - entropy weaver
Aim: an entropy weaver, wielding a long sword (lightly wounded, fast, chance to defeat MR: 18%)
Okay, then.
Evoke which item? (* to show all) (? for menu, Esc to quit)
Zapping:
C - a wand of confusion (23/48)
Press: ? - help, Shift-Dir - straight line, f/p - entropy weaver
Aim: an entropy weaver, wielding a long sword (lightly wounded, fast, chance to defeat MR: 18%)
Okay, then.
You don't know any spells.
Okay, then.
Evoke which item? (* to show all) (? for menu, Esc to quit)
Zapping:
P - a wand of paralysis (will waste charges)
Press: ? - help, Shift-Dir - straight line, f/p - entropy weaver
Aim: an entropy weaver, wielding a long sword (lightly wounded, fast, chance to defeat MR: 18%)
The entropy weaver resists with almost no effort.
Evoking this partially-identified wand wasted a few charges.
The entropy weaver hits you with an uncursed long sword.
You die...

....#♣P.P.## a.≈ #............8..
....#.♣†♣..##a#.##...............
....P♣.≈≈.Paa..# #..............8
......P♣≈.#####.##...............
....#♣#.♣♣.# #.............8.
....##..♣ ..# #.......<####...
..).##♣#.♣.## #........# ##..
....###...♣#######.......P# ##...
...............a@........####...#
...(((.(..(.(............# #...##
.....................#.### #..##.
......................## ##.....
.....................#### #......
.............†..........# ##....#
...##.#.................# ##.###
..P###..................# ###
.### ##P......).........## ### ##


You could see an entropy weaver.

Vanquished Creatures
  An entropy weaver (Lair:6)
  Snorg (Lair:6)
  Harold (Lair:3)
  5 hydras
  The ghost of aspa the Eclecticist, a journeyman OpWz of Sif Muna (Lair:2)
  5 catoblepae
  12 death yaks (Lair:6)
  A tengu warrior (D:10)
  An unseen horror (D:10)
  2 hill giants (D:10)
  Pikel (D:4)
  The ghost of Sagrath01 the Tormented, a novice VSNe of Kikubaaqudgha (D:7)
  Joseph (D:8)
  A guardian serpent (D:10)
  4 black mambas
  2 sirens (Lair:3)
  13 spiny frogs
  2 gargoyles (D:10)
  The ghost of imbaray the Covert, a novice VSAs (D:5)
  9 komodo dragons
  A demonic crawler (Lair:4)
  A hornet (Lair:4)
  A troll (D:10)
  2 merfolk (Lair:3)
  Prince Ribbit (D:5)
  27 blink frogs
  Grinder (D:6)
  5 hippogriffs
  5 dream sheep (Lair:5)
  Sigmund (D:6)
  30 yaks
  4 basilisks
  4 wyverns
  Menkaure (D:4)
  A mottled dragon (D:9)
  4 soldier ants (Lair:6)
  6 water moccasins
  10 porcupines
  4 black bears
  5 orc warriors
  2 phantoms
  3 ice beasts
  6 sky beasts
  9 ogres
  10 wolves
  6 centaurs
  11 crocodiles
  20 bullfrogs
  2 big kobolds
  A gnoll sergeant (D:9)
  A wyvern zombie (D:9)
  3 scorpions
  15 wights
  3 howler monkeys
  4 crimson imps
  A quasit (D:7)
  4 jellies (D:10)
  7 orc wizards
  6 orc priests
  Crazy Yiuf (D:6)
  5 hounds
  A centaur skeleton (D:4)
  12 iguanas
  Terence (D:3)
  13 worker ants
  A hound zombie (D:7)
  2 hound skeletons
  20 adders
  8 gnolls
  3 shadow imps
  An ooze (D:4)
  2 adder skeletons
  6 worms
  A dart slug (D:1)
  7 leopard geckos
  62 orcs
  A ball python (D:3)
  8 bats
  6 giant cockroaches
  6 goblins
  7 hobgoblins
  16 jackals
  18 kobolds
  6 quokkas
  4 frilled lizards
  A jackal zombie (D:7)
  A leopard gecko skeleton (D:4)
  2 quokka skeletons (D:4)
  3 rats
  2 fungi (D:6)
  A plant (Lair:4)
521 creatures vanquished.

Vanquished Creatures (others)
  4 slaves
  A centaur (D:5)
  A bullfrog (D:6)
  An orc wizard (D:5)
  A leopard gecko (D:5)
  4 orcs (D:5)
  A bush (Lair:5)
  2 fungi
  21 plants
36 creatures vanquished.

Grand Total: 557 creatures vanquished

Notes
Turn   | Place    | Note
-------+----------+-------------------------------------------
     0 | D:1      | Gorglomux the Mummy Monk began the quest for the Orb.
     0 | D:1      | Reached XP level 1. HP: 18/18 MP: 1/1
   283 | D:1      | Reached XP level 2. HP: 22/24 MP: 2/2
   446 | D:1      | Reached skill level 3 in Long Blades
  1149 | D:2      | Reached XP level 3. HP: 15/29 MP: 3/3
  2185 | D:2      | Reached XP level 4. HP: 33/35 MP: 4/4
  2781 | D:3      | Found a faded altar of an unknown god.
  2955 | D:3      | Reached XP level 5. HP: 37/41 MP: 5/5
  2986 | D:3      | Noticed Terence
  3010 | D:3      | Killed Terence
  3840 | D:4      | Reached skill level 3 in Stealth
  3893 | D:3      | Reached XP level 6. HP: 4/47 MP: 6/6
  4289 | D:4      | Found Xacsu's Antique Armour Boutique.
  4341 | D:4      | Reached skill level 4 in Fighting
  4415 | D:4      | Noticed an ice beast
  4442 | D:4      | Killed an ice beast
  4442 | D:4      | Reached skill level 5 in Fighting
  4644 | D:4      | Reached skill level 1 in Armour
  4644 | D:4      | Reached XP level 7. HP: 16/56 MP: 7/7
  5571 | D:4      | Reached skill level 3 in Armour
  5688 | D:4      | Noticed Menkaure
  5696 | D:4      | Killed Menkaure
  5986 | D:5      | Entered Level 5 of the Dungeon
  5993 | D:5      | Noticed Pikel
  6131 | D:4      | Killed Pikel
  6131 | D:4      | Reached skill level 6 in Armour
  6131 | D:4      | Reached XP level 8. HP: 24/62 MP: 8/8
  6615 | D:5      | Reached skill level 3 in Dodging
  6660 | D:5      | Noticed Prince Ribbit
  6666 | D:5      | Noticed imbaray's ghost (novice VSAs)
  7048 | D:5      | Found a bloodstained altar of Trog.
  7048 | D:5      | Found a glowing silver altar of Zin.
  7048 | D:5      | Found a stormy altar of Qazlal.
  7049 | D:5      | Found a radiant altar of Vehumet.
  7090 | D:5      | Found a hide-covered altar of Uskayaw.
  7432 | D:5      | Killed Prince Ribbit
  7432 | D:5      | Reached XP level 9. HP: 19/68 MP: 9/9
  9073 | D:5      | Reached skill level 6 in Dodging
  9566 | D:6      | Noticed Grinder
  9758 | D:6      | Paralysed by Grinder for 4 turns
  9769 | D:6      | Paralysed by Grinder for 4 turns
  9778 | D:6      | Killed Grinder
  9778 | D:6      | Reached skill level 6 in Long Blades
 10667 | D:5      | Killed imbaray's ghost
 11374 | D:6      | Noticed Sigmund
 12116 | D:6      | Killed Sigmund
 12116 | D:6      | Reached XP level 10. HP: 20/74 MP: 10/10
 12652 | D:6      | Reached skill level 6 in Fighting
 12720 | D:6      | Found a runed door.
 12723 | D:6      | Got a warped mace
 12724 | D:6      | Identified the +9 mace "Juixzoow" {drain, Str+4} (You found it on level 6 of the Dungeon)
 12764 | D:6      | Noticed Crazy Yiuf
 12772 | D:6      | Killed Crazy Yiuf
 12869 | D:7      | Reached skill level 7 in Fighting
 12985 | D:7      | Noticed Sagrath01's ghost (novice VSNe)
 13065 | D:7      | Killed Sagrath01's ghost
 13282 | D:7      | Reached skill level 8 in Fighting
 13422 | D:7      | Reached skill level 1 in Evocations
 13806 | D:7      | Found a staircase to the Ecumenical Temple.
 13823 | Temple   | Entered the Ecumenical Temple
 14013 | Temple   | Became a worshipper of Warmaster Okawaru
 14013 | Temple   | Reached * piety under Okawaru
 14013 | Temple   | Reached ** piety under Okawaru
 14610 | D:8      | Reached skill level 1 in Invocations
 15128 | D:8      | Noticed Joseph
 15142 | D:8      | Killed Joseph
 15142 | D:8      | Reached skill level 3 in Invocations
 15399 | D:9      | Found a hazy altar of Hepliaklqana.
 15435 | D:9      | Reached *** piety under Okawaru
 15562 | D:9      | Reached XP level 11. HP: 83/86 MP: 14/14
 15599 | D:9      | Found a staircase to the Lair.
 15850 | D:9      | Found a staircase to the Orcish Mines.
 16088 | D:10     | Entered Level 10 of the Dungeon
 16088 | D:10     | Found Hucij's Book Shoppe.
 16092 | D:10     | Reached skill level 1 in Maces & Flails
 16107 | D:10     | Received a gift from Okawaru
 16306 | D:10     | Noticed a hill giant
 16316 | D:10     | Killed a hill giant
 16316 | D:10     | Reached skill level 3 in Maces & Flails
 16324 | D:10     | Noticed a hill giant
 16336 | D:10     | Killed a hill giant
 16336 | D:10     | Reached **** piety under Okawaru
 16843 | D:10     | Found Akhlosacai's Gadget Shop.
 16868 | D:10     | Got a distressingly furry chain mail
 16879 | D:10     | Identified the +4 chain mail "Zonarr" {*Slow rElec Int+8 Stlth+} (You found it on level 10 of the Dungeon)
 17296 | D:10     | Killed an unseen horror
 17296 | D:10     | Reached ***** piety under Okawaru
 17321 | D:10     | Noticed a tengu warrior
 17337 | D:10     | Killed a tengu warrior
 17337 | D:10     | Reached skill level 6 in Maces & Flails
 17534 | Lair:1   | Entered Level 1 of the Lair of Beasts
 18154 | Lair:1   | Reached XP level 12. HP: 71/93 MP: 12/15
 18156 | Lair:1   | Reached ****** piety under Okawaru
 18204 | Lair:1   | Received a gift from Okawaru
 18204 | Lair:1   | Reached skill level 9 in Fighting
 18392 | Lair:1   | You fall through a shaft!
 18713 | Lair:2   | Noticed aspa's ghost (journeyman OpWz)
 18729 | Lair:2   | Killed aspa's ghost
 18899 | Lair:2   | Reached skill level 10 in Fighting
 19161 | Lair:2   | Found a snail-covered altar of Cheibriados.
 19894 | Lair:3   | Noticed Harold
 19920 | Lair:3   | Killed Harold
 19920 | Lair:3   | Reached skill level 6 in Invocations
 20156 | Lair:3   | Found a staircase to the Shoals.
 20469 | Lair:3   | Received a gift from Okawaru
 21438 | Lair:4   | Gained mutation: You are in touch with the powers of death. [Mummy growth]
 21438 | Lair:4   | Reached XP level 13. HP: 88/103 MP: 18/18
 21884 | Lair:4   | Received a gift from Okawaru
 21885 | Lair:4   | Got a jewelled cloak {god gift}
 21896 | Lair:4   | Identified the +2 cloak "Fufouzee" {god gift, Str+3 SInv} (Okawaru gifted it to you on level 4 of the Lair of Beasts)
 22147 | Lair:4   | Found a hole to the Spider Nest.
 23935 | Lair:6   | Entered Level 6 of the Lair of Beasts
 24295 | Lair:6   | Reached skill level 9 in Armour
 24305 | Lair:6   | Reached skill level 9 in Dodging
 24950 | Lair:6   | Received a gift from Okawaru
 24967 | Lair:6   | Reached skill level 11 in Fighting
 25109 | Lair:6   | Reached XP level 14. HP: 60/113 MP: 20/20
 26138 | Lair:6   | Found a staircase to the Slime Pits.
 26428 | Lair:6   | Noticed Snorg
 26618 | Lair:6   | Killed Snorg
 27045 | Lair:6   | Noticed an entropy weaver
 27048 | Lair:6   | Noticed an entropy weaver
 27071 | Lair:6   | Killed an entropy weaver
 27071 | Lair:6   | Received a gift from Okawaru
 27483 | Lair:6   | HP: 3/113 [entropy weaver/uncursed long sword (5)]
 27488 | Lair:6   | Slain by an entropy weaver

Skill      XL: |  1  2  3  4  5  6  7  8  9 10 11 12 13 14 |
---------------+-------------------------------------------+-----
Long Blades    | 3 4 5 8 |  8.0
Stealth        | 3 |  3.0
Fighting       | 5 8 10 11 | 11.1
Armour         | 1 6 7 9 10 | 10.0
Dodging        | 5 6 7 9 10 | 10.2
Evocations     | 2 |  2.1
Invocations    | 4 5 6 8 |  8.0
Maces & Flails | 8 |  8.5

Action                   |  1- 3 |  4- 6 |  7- 9 | 10-12 | 13-15 || total
-------------------------+-------+-------+-------+-------+-------++-------
Melee: Falchion          |   106 |   289 |   713 |   118 |       ||  1226
       Battleaxe         |       |       |    70 |       |       ||    70
       Mace              |       |       |       |   947 |   631 ||  1578
       Punch             |       |       |       |     1 |    12 ||    13
 Fire: Shortbow          |       |       |    21 |     3 |       ||    24
Throw: Stone             |       |       |     5 |       |       ||     5
       Tomahawk          |       |       |       |    13 |    56 ||    69
       Throwing net      |       |       |       |       |     2 ||     2
Invok: Heroism           |       |       |       |     5 |    10 ||    15
       Finesse           |       |       |       |       |     5 ||     5
Evoke: Wand              |       |       |    12 |     2 |     8 ||    22
  Use: Scroll            |       |       |    12 |     9 |     3 ||    24
 Stab: Sleeping          |     2 |     3 |     4 |    22 |       ||    31
       Distracted        |       |     1 |     2 |     1 |       ||     4
       Confused          |       |       |     3 |     1 |       ||     4
       Petrified         |       |       |       |       |     8 ||     8
       Petrifying        |       |       |       |       |     2 ||     2
Armor: Robe              |     6 |       |       |       |       ||     6
       Ring mail         |    15 |    91 |   241 |   210 |       ||   557
       Chain mail        |       |       |       |   320 |   355 ||   675
       Mottled dragon sc |       |       |       |    39 |       ||    39
Dodge: Dodged            |    69 |   151 |   507 |   826 |   485 ||  2038
       Rpst.: Falchion   |    24 |    48 |   146 |    20 |       ||   238
